 Dungeon Crawl Stone Soup version 0.30-a0-322-g102857c98e (webtiles) character file.

Game seed: 1076317948212428188

2806 Sobieck the Thaumaturge (level 9, -22/57 HPs)
             Began as a Mummy Summoner on Oct 27, 2022.
             Was a Believer of Kikubaaqudgha.
             Engulfed by their own flame (37 damage)
             ... on level 8 of the Dungeon.
             The game lasted 00:28:26 (7947 turns).

Sobieck the Thaumaturge (Mummy Summoner)            Turns: 7947, Time: 00:28:27

Health: -22/57     AC:  5    Str: 11    XL:     9   Next: 44%
Magic:  20/31      EV: 16    Int: 19    God:    Kikubaaqudgha [**....]
Gold:   361        SH:  0    Dex: 12    Spells: 9/26 levels left

rFire   x . .      SeeInvis .    o - +0 shortbow {bow}
rCold   + . .      Faith    +    (shield currently unavailable)
rNeg    + + +      Spirit   .    a - +0 robe
rPois   ∞          Reflect  .    t - +0 hat
rElec   .          Harm     .    r - +2 cloak
rCorr   .          Rampage  .    (no gloves)
Will    +....                    (no boots)
Stlth   ++........               b - amulet of magic regeneration {@e2}
HPRegen 0.29/turn                x - +4 ring of evasion
MPRegen 0.62/turn                y - ring of magical power

@: animating dead
A: cold resistance 1, negative energy resistance 3, torment resistance 2, heat
vulnerability 1, in touch with death 1, no potions, faith
a: Renounce Religion, Unearth Wretches


You were on level 8 of the Dungeon.
You worshipped Kikubaaqudgha.
Kikubaaqudgha was pleased with you.
You visited 2 branches of the dungeon, and saw 9 of its levels.
You also visited: Sewer.

You collected 361 gold pieces.


Innate Abilities, Weirdness & Mutations

You are immune to poison.
Your flesh is cold resistant. (rC+)
You are immune to negative energy. (rN+++)
You are immune to unholy pain and torment.
You are vulnerable to heat. (rF-)
You are in touch with the powers of death.
You do not drink.
You have a special connection with the divine. (Faith)


   Skills:
 - Level 1.5 Dodging
 - Level 1.5 Stealth
 + Level 9.3 Spellcasting
 - Level 3.0 Hexes
 + Level 7.1 Summonings
 * Level 5.4 Necromancy
 - Level 3.0 Air Magic


You had 9 spell levels left.
You knew the following spells:

 Your Spells              Type           Power      Damage    Failure   Level
a - Call Canine Familiar  Summ           35%        N/A       1%          3
b - Summon Guardian Gole  Hex/Summ       28%        N/A       3%          3
c - Call Imp              Summ           35%        N/A       1%          2
d - Summon Small Mammal   Summ           100%       N/A       1%          1
e - Summon Lightning Spi  Summ/Air       28%        N/A       10%         4
A - Animate Dead          Necr           44%        N/A       9%          4

Your spell library contained the following spells:

 Spells                   Type           Power      Damage    Failure   Level
 Necrotise                Necr           100%       1d9       1%          1
 Kiss of Death            Conj/Necr      100%       2d13      2%          1
 Vampiric Draining        Necr           44%        2d9       2%          3
 Ensorcelled Hibernation  Hex/Ice        28%        N/A       6%          2
 Swiftness                Air            20%        N/A       7%          3
 Magic Dart               Conj           32%        1d4       8%          1
 Passwall                 Tmut/Erth      6%         N/A       12%         2
 Searing Ray              Conj           16%        2d5       12%         2
 Vhi's Electric Charge    Tloc/Air       28%        N/A       13%         3
 Gell's Gravitas          Tloc           8%         N/A       24%         3
 Ozocubu's Armour         Ice            8%         N/A       24%         3
 Teleport Other           Tloc           8%         N/A       24%         3
 Fulminant Prism          Conj/Hex       7%         3d7       38%         4
 Arcjolt                  Conj/Air       7%         1d17      75%         5
 Metabolic Englaciation   Hex/Ice        7%         N/A       75%         5
 Simulacrum               Ice/Necr       14%        N/A       99%         6
 Dispersal                Tloc           4%         N/A       100%        6
 Maxwell's Capacitive Co  Air            10%        ∞         100%        8

Inventory:

Hand Weapons
 d - a +2 falchion {long}
   (You took it off a wight on level 6 of the Dungeon)
 e - a +0 spear {polearm}
   (You found it on level 1 of the Dungeon)
 h - a +0 dagger {short}
   (You found it on level 1 of the Dungeon)
 i - a +0 short sword {short}
   (You found it on level 1 of the Dungeon)
 j - a +0 club {mace}
   (You took it off a goblin on level 1 of the Dungeon)
 l - a +0 whip {mace}
   (You took it off a kobold on level 1 of the Dungeon)
 o - a +0 shortbow (weapon) {bow}
   (You found it on level 1 of the Dungeon)
 X - a +2 dagger {short}
   (You took it off a wight on level 5 of the Dungeon)
Missiles
 f - 56 stones {throwing}
 n - 5 silver javelins {throwing}
 C - 4 boomerangs {throwing}
 E - 9 poisoned darts {throwing}
Armour
 a - a +0 robe (worn)
 g - a +0 ring mail
   (You found it on level 4 of the Dungeon)
 q - a +0 robe
   (You found it on level 2 of the Dungeon)
 r - a +2 cloak (worn)
   (You found it on level 2 of the Dungeon)
 s - a +0 robe
   (You found it on level 2 of the Dungeon)
 t - a +0 hat (worn)
   (You found it on level 2 of the Dungeon)
 v - a +0 animal skin
   (You took it off Robin on level 2 of the Dungeon)
 w - a +0 robe
   (You found it on level 3 of the Dungeon)
 D - a +0 ring mail
   (You took it off an orc on level 4 of the Dungeon)
 F - a +0 robe
   (You took it off an orc wizard on level 4 of the Dungeon)
 H - a +0 scale mail
   (You found it in a sewer)
 J - a +0 robe
   (You found it on level 5 of the Dungeon)
 K - a +0 chain mail
   (You found it on level 5 of the Dungeon)
 L - a +0 leather armour
   (You took it off an orc on level 5 of the Dungeon)
 M - a +0 robe
   (You took it off an orc wizard on level 5 of the Dungeon)
 N - a +0 robe
   (You took it off an orc wizard on level 5 of the Dungeon)
 O - a +0 leather armour
   (You took it off an orc on level 5 of the Dungeon)
 Q - a +0 plate armour
   (You found it on level 4 of the Dungeon)
 R - a +0 leather armour
   (You took it off an orc on level 4 of the Dungeon)
 S - a +0 ring mail
   (You took it off an orc on level 4 of the Dungeon)
 V - the +0 leather armour of Zexac {rF- Str+7 Int+5}
   (You took it off a hobgoblin on level 4 of the Dungeon)

   Str:       It affects your strength (+7).
   Int:       It affects your intelligence (+5).
   rF:        It makes you vulnerable to fire.
 Y - a +0 robe
   (You took it off a wight on level 5 of the Dungeon)
Jewellery
 b - an amulet of magic regeneration (around neck) {@e2}
   (You took it off an orc wizard on level 7 of the Dungeon)
 k - an amulet of the acrobat
   (You found it on level 7 of the Dungeon)
 u - an amulet of faith {!P}
   (You found it on level 2 of the Dungeon)
 x - a +4 ring of evasion (left hand)
   (You found it on level 3 of the Dungeon)
 y - a ring of magical power (right hand)
   (You found it on level 3 of the Dungeon)
Wands
 A - a wand of roots (10)
   (You found it on level 4 of the Dungeon)
 P - a wand of paralysis (2)
   (You found it on level 4 of the Dungeon)
 T - a wand of flame (23)
   (You found it on level 4 of the Dungeon)
Scrolls
 c - 3 scrolls of identify {@r1}
 m - 4 scrolls of teleportation {@r4}
 p - a scroll of fear
 z - 2 scrolls of summoning
 B - 2 scrolls of enchant armour
 G - a scroll of enchant weapon
 I - 2 scrolls of poison
 U - 4 scrolls of amnesia
 W - a scroll of magic mapping {!r}
 Z - a scroll of blinking {!r}

Dungeon Overview and Level Annotations

Branches:
Dungeon (8/15) Zot: 26989  Temple (1/1) D:4 Zot: 5984   Sewer (visited)
   Lair: D:8-11

Altars:
Ashenzari
Cheibriados
Dithmenos
Fedhas
Gozag
Hepliaklqana
Kikubaaqudgha
Makhleb
Nemelex Xobeh
Okawaru
Ru
Sif Muna
Trog
Uskayaw
Vehumet
Wu Jian
Xom
Yredelemnul

Annotations:
D:5 2 transporters
D:6 exclusion: 3 electric eels

. .. :..
... . .y
...o#§###
....y8Z@#
....#h###
. .Y ...
... .. .


You could see an ice beast, 2 killer bees, an orc priest, a friendly wolf
(summoned, sheltered), a friendly lightning spire (summoned, sheltered) and a
friendly killer bee zombie.


Message History

There is a stone staircase leading down here.
You start resting.
Unknown command.
Unknown command.
You climb downwards.
There is a stone staircase leading up here.
Danger!
Unknown command.
Unknown command.
Casting: Summon Guardian Golem (dangerous; 3% risk of failure)
Confirm with . or Enter, or press ? or * to list all spells.
An electric hum fills the air.
The killer bee buzzes angrily.
You hear an angry buzzing noise. x2
You hear a shout! x3
A killer bee comes into view.
Unknown command.
Casting: Summon Lightning Spire (dangerous; 10% risk of failure)
Confirm with . or Enter, or press ? or * to list all spells.
Something closely misses your hound. The killer bee stings your hound.
Your hound is poisoned.
The killer bee poisons your hound!
A killer bee comes into view.
Casting: Call Canine Familiar (safe; 1% risk of failure)
Confirm with . or Enter, or press ? or * to list all spells.
A guardian golem appears, shielding your allies.
Something completely misses your hound. The killer bee stings your hound.
Your hound looks as sick as possible!
The killer bee poisons your hound!
Your hound barely misses the killer bee.
Something closely misses your hound.
The killer bee closely misses your hound.
Unknown command.
Casting: Summon Guardian Golem (dangerous; 3% risk of failure)
Confirm with . or Enter, or press ? or * to list all spells.
Your hound disappears in a puff of smoke!
A killer bee comes into view.
The killer bee stings your guardian golem.
A killer bee comes into view.
Unknown command.
Casting: Call Canine Familiar (safe; 1% risk of failure)
Confirm with . or Enter, or press ? or * to list all spells.
You feel a surge of power!
You call upon the dead to rise.
The killer bee stings your guardian golem but does no damage.
Your wolf bites the ice beast.
The killer bee stings your guardian golem!
The ice beast closely misses your wolf.
The killer bee stings your guardian golem but does no damage.
The killer bee stings your guardian golem.
The ice beast hits your wolf but does no damage.
Unknown command.
The killer bee stings your guardian golem.
The killer bee stings your lightning spire but does no damage.
The killer bee stings your lightning spire!
The killer bee stings your guardian golem!
The ice beast closely misses your wolf.
Unknown command.
The killer bee stings your guardian golem but does no damage.
The killer bee barely misses your lightning spire.
The killer bee stings your guardian golem!
Your guardian golem overheats!
The killer bee stings your lightning spire but does no damage.
The ice beast misses your wolf.
The killer bee stings your guardian golem.
Flame seeps out of your guardian golem.
The killer bee barely misses your lightning spire.
An orc priest comes into view. It is wielding a +0 club.
Your guardian golem is engulfed in blazing flames.
Flame seeps out of your guardian golem.
Your lightning spire shoots out a bolt of lightning at the killer bee!
The bolt of electricity hits the killer bee!
The killer bee stings your lightning spire.
Flame seeps out of your guardian golem.
The killer bee stings your guardian golem but does no damage.
The ice beast closely misses your wolf.
Unknown command.
The killer bee stings your guardian golem but does no damage.
The killer bee stings your lightning spire.
The killer bee stings your lightning spire but does no damage.
Your guardian golem is engulfed in blazing flames.
Flame seeps out of your guardian golem.
Your lightning spire shoots out a bolt of lightning at the killer bee!
The bolt of electricity misses the killer bee.
The killer bee stings your guardian golem.
Your guardian golem disappears in a puff of smoke!
The fiery explosion engulfs the killer bee!!
The killer bee dies!
Kikubaaqudgha accepts your kill. The fiery explosion engulfs your wolf!!
The fiery explosion engulfs your lightning spire!
Your lightning spire resists.
The fiery explosion engulfs you!!! The fire burns you terribly!
Ouch! That really hurt!
* * * LOW HITPOINT WARNING * * *
The dead are flying!
The ice beast closely misses your wolf.
You hear a shout! x2
Unknown command.
You are engulfed in blazing flames.
Ouch! That really hurt!
You die...
Kikubaaqudgha rasps: "You have failed me!
Welcome... oblivion!"

Skill      XL: |  1  2  3  4  5  6  7  8  9 |
---------------+----------------------------+-----
Spellcasting   | 3 4 5 6 7 8 9 |  9.3
Summonings     | 4 5 6 7 |  7.1
Hexes          | 1 3 |  3.0
Air Magic      | 1 2 3 |  3.0
Necromancy     | 3 5 |  5.4
Dodging        | |  1.5
Stealth        | |  1.5

Action                   |  1- 3 |  4- 6 |  7- 9 || total
-------------------------+-------+-------+-------++-------
Melee: Unarmed           |    59 |       |       ||    59
 Fire: Shortbow          |    20 |    82 |    69 ||   171
 Cast: Summon Small Mamm |    30 |    16 |    19 ||    65
       Call Imp          |    16 |    14 |    17 ||    47
       Call Canine Famil |     2 |    14 |    35 ||    51
       Summon Guardian G |       |    10 |    35 ||    45
       Summon Lightning  |       |       |    10 ||    10
       Animate Dead      |       |       |     2 ||     2
  Use: Scroll            |       |    11 |     4 ||    15
Armor: Robe              |    15 |    15 |    15 ||    45
Dodge: Dodged            |    52 |    74 |    70 ||   196

Levels and vault maps discovered:
D:1:      lightli_arrival_isolated_outpost, layout_basic,
          ebering_ecumenical_altar_sacrificial, minmay_tetromino_o2
D:2:      layout_basic, uniq_robin
D:3:      layout_rooms, nicolae_gozag_cash_rules_everything_around_me
D:4:      layout_cave_pools, makhleb_heckhound_becter,
          minmay_temple_entry_drinking_statues, portal_sewer_entry_a,
          grunt_ministairs_13
D:5:      gammafunk_steamed_eel, layout_gridville, dreamdust_gnoll_farm
D:6:      layout_basic, kennysheep_nub, serial_bayou_lake_a
D:7:      layout_loops_ring, mrwooster_statue_mirror, nrook_loot_triangle,
          minmay_fractal_squares_diagonal_5
D:8:      layout_basic, uniq_maurice
Temple:   nicolae_temple_no_exploring_needed

Notes
Turn   | Place    | Note
-------+----------+-------------------------------------------
     0 | D:1      | Sobieck the Mummy Summoner began the quest for the Orb.
     0 | D:1      | Reached XP level 1. HP: 13/13 MP: 4/4
    65 | D:1      | Reached skill level 3 in Spellcasting
   119 | D:1      | Reached XP level 2. HP: 16/19 MP: 1/6
   171 | D:1      | Learned a level 2 spell: Call Imp
   623 | D:1      | Gained mutation: You are in touch with the powers of death.
                  | [Mummy growth]
   623 | D:1      | Reached XP level 3. HP: 24/24 MP: 4/8
   627 | D:1      | Learned a level 3 spell: Call Canine Familiar
   841 | D:1      | Found a faded altar of an unknown god.
  1301 | D:2      | Reached skill level 4 in Spellcasting
  1409 | D:2      | Reached skill level 4 in Summonings
  1578 | D:2      | Noticed Robin
  1594 | D:2      | Reached XP level 4. HP: 11/30 MP: 2/10
  1594 | D:2      | Killed Robin
  2291 | D:3      | Found an opulent altar of Gozag.
  2475 | D:3      | You pick up a book of Conjurations {@e2} and begin
                  | reading...
  2475 | D:3      | You add the spells Magic Dart, Searing Ray and Fulminant
                  | Prism to your library.
  2553 | D:3      | You pick up a book of Burglary and begin reading...
  2553 | D:3      | You add the spells Passwall, Ensorcelled Hibernation and
                  | Swiftness to your library.
  2632 | D:3      | Learned a level 3 spell: Summon Guardian Golem
  2786 | D:4      | Noticed a scorpion
  2793 | D:4      | Noticed a phantom
  2815 | D:3      | Killed a phantom
  2816 | D:3      | Reached skill level 5 in Spellcasting
  2816 | D:3      | Reached XP level 5. HP: 34/35 MP: 6/12
  3007 | D:4      | Reached XP level 6. HP: 41/41 MP: 14/14
  3099 | D:4      | Reached skill level 5 in Summonings
  3132 | D:4      | Reached skill level 6 in Spellcasting
  3140 | D:4      | Found a glowing drain.
  3155 | Sewer    | Entered a sewer
  3615 | D:4      | Found a staircase to the Ecumenical Temple.
  3621 | Temple   | Entered the Ecumenical Temple
  3629 | Temple   | Became a worshipper of Kikubaaqudgha
  3721 | D:4      | Identified the +0 leather armour of Zexac {rF- Str+7 Int+5}
  3743 | D:4      | You fall into a shaft and drop 2 floors!
  3777 | D:6      | Reached XP level 7. HP: 22/46 MP: 17/17
  3887 | D:6      | Reached skill level 7 in Spellcasting
  3920 | D:5      | Entered Level 5 of the Dungeon
  4099 | D:5      | Reached skill level 6 in Summonings
  4104 | D:5      | Learned a level 4 spell: Summon Lightning Spire
  4245 | D:5      | You pick up a book of Winter and begin reading...
  4245 | D:5      | You add the spells Ozocubu's Armour, Metabolic Englaciation
                  | and Simulacrum to your library.
  4279 | D:5      | Reached * piety under Kikubaaqudgha
  4279 | D:5      | You add the spells Kiss of Death, Necrotise, Vampiric
                  | Draining and Animate Dead to your library.
  4279 | D:5      | Received a gift from Kikubaaqudgha
  4304 | D:5      | Reached skill level 1 in Hexes
  4308 | D:5      | Reached skill level 1 in Air Magic
  4377 | D:5      | Reached XP level 8. HP: 45/52 MP: 19/19
  4442 | D:4      | Reached skill level 8 in Spellcasting
  4572 | D:4      | You add the spells Gell's Gravitas, Teleport Other and
                  | Dispersal to your library.
  4592 | D:4      | Found a burning altar of Makhleb.
  4889 | D:5      | Found a transporter.
  4917 | D:5      | Found a transporter.
  5185 | D:5      | Reached skill level 1 in Necromancy
  5290 | D:6      | Reached skill level 2 in Hexes
  5623 | D:6      | Reached ** piety under Kikubaaqudgha
  5756 | D:6      | Reached skill level 2 in Air Magic
  5761 | D:6      | Reached skill level 2 in Necromancy
  5806 | D:6      | Reached skill level 3 in Necromancy
  6327 | D:7      | Reached skill level 3 in Hexes
  6327 | D:7      | Reached XP level 9. HP: 57/57 MP: 21/21
  6332 | D:7      | Learned a level 4 spell: Animate Dead
  6435 | D:7      | Reached skill level 4 in Necromancy
  6503 | D:7      | Reached skill level 9 in Spellcasting
  6503 | D:7      | Reached skill level 3 in Air Magic
  6749 | D:7      | Reached skill level 5 in Necromancy
  6939 | D:7      | HP: 12/57 [steam dragon/ball of steam (19)]
  7137 | D:6      | You add the spells Vhi's Electric Charge, Arcjolt and
                  | Maxwell's Capacitive Coupling to your library.
  7254 | D:6      | HP: 12/57 [electric eel/bolt of electricity (11)]
  7256 | D:6      | HP: 4/57 [electric eel/bolt of electricity (9)]
  7469 | D:7      | Reached skill level 7 in Summonings
  7947 | D:8      | Engulfed by their own flame

Vanquished Creatures
  A phantom (D:5)
  A jelly (D:6)
  An orc wizard (D:4)
  2 adders (D:2)
  4 orcs
  7 ball pythons
  2 endoplasms
  3 giant cockroaches
  6 goblins
  6 hobgoblins
  A jackal (D:4)
  2 bats
  2 frilled lizards
  2 kobolds (D:4)
  9 rats
49 creatures vanquished.

Vanquished Creatures (collateral kills)
  A water moccasin (D:7)
  3 black bears
  4 ogres
  A centaur (D:6)
  A phantom (D:3)
  A gnoll sergeant (D:6)
  2 scorpions
  7 wights
  2 howler monkeys
  2 jellies
  4 hounds
  4 iguanas
  4 orc wizards
  Robin (D:2)
  3 gnolls
  6 adders
  A river rat (D:4)
  A shadow imp (D:7)
  A white imp (D:5)
  An ufetubus (D:5)
  2 worms
  12 orcs
  3 endoplasms
  5 giant cockroaches
  7 goblins (D:2)
  11 hobgoblins
  2 jackals (D:4)
  3 kobolds
  2 quokkas
  3 ball pythons
  2 bats (D:1)
  6 frilled lizards
  5 rats
113 creatures vanquished.

Vanquished Creatures (others)
  6 wights
  A killer bee (D:8)
  A howler monkey (D:6)
  A hound (D:5)
  3 iguanas
  An ogre zombie (D:7)
  4 gnolls
  2 orc zombies (D:7)
  A fungus (D:5)
  8 plants (D:6)
28 creatures vanquished.

Grand Total: 190 creatures vanquished

Table legend:
 A = Non-vault XP
 B = Vault XP
 C = Vault XP percentage of total XP
 D = Non-vault monster count
 E = Vault monster count
 F = Vault count percentage of total count
                 A         B        C        D         E       F
            +---------+---------+-------+---------+---------+-------
      Total |    3342 |     667 |  16.6 |     136 |      42 |  23.6
            +---------+---------+-------+---------+---------+-------
        D:1 |      49 |       1 |   2.0 |      29 |       1 |   3.3
        D:2 |      38 |      39 |  50.6 |       9 |      13 |  59.1
        D:3 |     241 |       0 |   0.0 |      14 |       0 |   0.0
        D:4 |     157 |      68 |  30.2 |      26 |       9 |  25.7
        D:5 |     665 |      73 |   9.9 |      18 |       3 |  14.3
        D:6 |    1537 |       0 |   0.0 |      25 |       0 |   0.0
        D:7 |     598 |     448 |  42.8 |      14 |       5 |  26.3
        D:8 |      57 |       0 |   0.0 |       1 |       0 |   0.0
      Sewer |       0 |      38 | 100.0 |       0 |      11 | 100.0
            +---------+---------+-------+---------+---------+-------

Illustrated notes

Table legend:
 A = Kills in this place as a percentage of kills in entire the game.
 B = Kills by you in this place as a percentage of kills by you in the entire game.
 C = Kills by friends in this place as a percentage of kills by friends in the entire game.
 D = Other kills in this place as a percentage of other kills in the entire game.
 E = Experience gained in this place as a percentage of experience gained in the entire game.
 F = Experience gained in this place divided by the number of levels of this place that you have seen.
                   A       B       C       D       E      F
               +-------+-------+-------+-------+-------+----------------------
         Total | 100.0 | 100.0 | 100.0 | 100.0 | 100.0 | 400.9
       Dungeon |  93.8 |  91.8 |  93.8 | 100.0 |  99.1 | 496.4
         Sewer |   6.2 |   8.2 |   6.2 |   0.0 |   0.9 |  38.0
               +-------+-------+-------+-------+-------+----------------------

Table legend: (Time is in decaauts)
 A = Elapsed time spent in this place.
 B = Non-inter-level travel time spent in this place.
 C = Inter-level travel time spent in this place.
 D = Time resting spent in this place.
 E = Time spent auto-exploring this place.
 F = Levels seen in this place.
 G = Mean time per level.
                   A        B        C        D        E       F      G
               +--------+--------+--------+--------+--------+-----+--------+
         Total |   8090 |   7897 |    193 |   1432 |   4054 |  10 |  809.0 |
       Dungeon |   7606 |   7420 |    186 |   1413 |   3804 |   8 |  950.8 |
        Temple |     15 |      8 |      7 |      0 |      0 |   1 |   15.0 |
         Sewer |    468 |    468 |      0 |     19 |    250 |   1 |  468.0 |
               +--------+--------+--------+--------+--------+-----+--------+

Top non-repeatable levels by time:
     D:6: 1961 daAuts
     D:2: 1151 daAuts
     D:7: 1015 daAuts
     D:1: 952 daAuts
     D:5: 952 daAuts
     D:3: 822 daAuts
     D:4: 739 daAuts
   Sewer: 468 daAuts
  Temple: 15 daAuts
     D:8: 10 daAuts
